 Dungeon Crawl Stone Soup version 0.28.0-49-g6dfe1f597d (webtiles) character file.

Game seed: 4912038541759579524

18 urmum the Grave Robber (level 2, 5/22 HPs)
             Began as a Deep Dwarf Necromancer on May 13, 2022.
             Quit the game on level 2 of the Dungeon.
             The game lasted 00:04:01 (240 turns).

urmum the Grave Robber (Deep Dwarf Necromancer)      Turns: 240, Time: 00:04:02

Health: 5/22       AC:  2    Str: 11    XL:     2   Next: 48%
Magic:  4/4        EV: 12    Int: 15    God:
Gold:   27         SH:  0    Dex: 13    Spells: 3/4 levels left

rFire   . . .      SeeInvis .   f - +0 flail
rCold   . . .      Faith    .   (no shield)
rNeg    . . .      Spirit   .   a - +0 robe
rPois   .          Reflect  .   (no helmet)
rElec   .          Harm     .   (no cloak)
rCorr   .          Rampage  .   (no gloves)
Will    .....                   (no boots)
Stlth   ++........              (no amulet)
HPRegen 0.00/turn               (no ring)
MPRegen 0.09/turn               (no ring)

@: no status effects
A: damage resistance, heal wounds, sense surroundings 1, no regeneration
a: Heal Wounds


You were on level 2 of the Dungeon.
You visited 1 branch of the dungeon, and saw 2 of its levels.

You collected 27 gold pieces.

Inventory:

Hand Weapons
 f - a +0 flail (weapon)
Armour
 a - a +0 robe (worn)
Scrolls
 b - a scroll of identify {unknown}
 e - 2 scrolls of amnesia {unknown}
Potions
 c - a potion of curing {unknown}
 d - 2 potions of attraction {unknown}


   Skills:
 + Level 2.3 Dodging
 + Level 2.5 Stealth
 + Level 0.4 Unarmed Combat
 + Level 1.8 Spellcasting
 + Level 5.0 Necromancy


You had 3 spell levels left.
You knew the following spells:

 Your Spells              Type           Power      Damage    Failure   Level
a - Pain                  Necr           64%        1d7       3%          1

Your spell library contained the following spells:

 Spells                   Type           Power      Damage    Failure   Level
 Animate Skeleton         Necr           32%        N/A       3%          1
 Vampiric Draining        Necr           16%        2d7       9%          3
 Animate Dead             Necr           8%         N/A       28%         4
 Agony                    Necr           16%        N/A       63%         5


Dungeon Overview and Level Annotations

Branches:
Dungeon (2/15)

Altars:


Innate Abilities, Weirdness & Mutations

You are resistant to damage.
You can heal yourself by infusing magical energy.
You passively map a small area around you.
You do not regenerate.


Message History

The adder writhes in agony!
The frilled lizard misses you. The adder bites you but does no damage.
You hit the adder.
The adder is almost dead.
The frilled lizard barely misses you. The adder barely misses you.
You hit the adder.
You kill the adder!
The frilled lizard closely misses you.
Aiming: Pain (safe; 3% risk of failure)
Press: ? - help, Q - select action, (/) - cycle Shift-Dir - straight line, f - frilled lizard
Aim: a frilled lizard (chance to affect: 86%)
The frilled lizard writhes in agony.
The frilled lizard misses you.
You barely miss the frilled lizard.
The frilled lizard is heavily wounded.
You are no longer poisoned.
The frilled lizard bites you but does no damage.
You closely miss the frilled lizard.
The frilled lizard is heavily wounded.
The frilled lizard closely misses you.
You hit the frilled lizard but do no damage.
The frilled lizard is heavily wounded.
The frilled lizard closely misses you.
You hit the frilled lizard but do no damage.
The frilled lizard is heavily wounded.
The frilled lizard bites you.
* * * LOW HITPOINT WARNING * * *
You hit the frilled lizard.
You kill the frilled lizard!
Your Necromancy skill increases to level 5!
d - 2 ruby potions
There are no items here.
e - 2 scrolls labelled JUAVIN DOQAYLL
There are no items here.
Magic restored.
Found a flail.
You see here a +0 flail.
f - a +0 flail
f - a +0 flail (weapon)
Are you sure you want to abandon this character and quit the game? (Confirm with "yes".)

####### #### #.....###
#..# #.......# #..#
#.....#.# ##.###..####.#
#.....## # #..#.## *
##..@.#### *,.#
##........####.#
#####............#.###.
#.............#........*
#.............#.#....# ,
#.............#......# ,
#........>..[.#...##.#
#....................#
#...#.............#...#
,,


There were no monsters in sight!

Vanquished Creatures
  An adder (D:2)
  A goblin (D:1)
  2 hobgoblins
  3 ball pythons (D:1)
  3 frilled lizards
10 creatures vanquished.

Notes
Turn   | Place    | Note
-------+----------+-------------------------------------------
     0 | D:1      | urmum the Deep Dwarf Necromancer began the quest for the
                  | Orb.
     0 | D:1      | Reached XP level 1. HP: 15/15 MP: 3/3
   176 | D:2      | Reached XP level 2. HP: 13/22 MP: 4/4
   196 | D:2      | Reached skill level 5 in Necromancy
   240 | D:2      | Quit the game

Illustrated notes

Levels and vault maps discovered:
D:1:      lightli_arrival_statue_moat, layout_rooms, minmay_pentomino_p2
D:2:      layout_rooms, uniq_sigmund

Skill      XL: |  1  2 |
---------------+-------+-----
Necromancy     | 5 |  5.0
Dodging        | |  2.3
Stealth        | |  2.5
Unarmed Combat | |  0.4
Spellcasting   | |  1.8

Action                   || total
-------------------------++-------
Melee: Unarmed           ||    35
       Punch             ||     1
 Cast: Pain              ||     3
  Use: Potion            ||     1
 Stab: Sleeping          ||     1
Armor: Robe              ||     7
Dodge: Dodged            ||    29
